 Dungeon Crawl Stone Soup version 0.19-a0-1834-g6b7851e (webtiles) character file.

112 hurricos the Archer (level 4, 21/29 HPs)
             Began as a High Elf Hunter on Oct 9, 2016.
             Was a Follower of Jiyva.
             Quit the game on level 3 of the Dungeon.
             The game lasted 00:03:04 (2242 turns).

hurricos the Archer (High Elf Hunter)               Turns: 2242, Time: 00:03:05

Health: 21/29      AC:  6    Str: 12    XL:     4   Next: 64%
Magic:  5/5        EV: 12    Int: 14    God:    Jiyva [*.....]
Gold:   82         SH:  0    Dex: 16    Spells: 0 memorised, 3 levels left

rFire  . . .     SeeInvis .     a - +0 rapier
rCold  . . .     Gourm    .     c - +0 leather armour
rNeg   . . .     Faith    .     (no shield)
rPois  .         Spirit   .     h - +0 helmet
rElec  .         Dismiss  .     q - +1 cloak
rCorr  +         Reflect  .     (no gloves)
MR     .....     Harm     .     (no boots)
Stlth  ++........               (no amulet)
                                (no ring)
                                n - ring of resist corrosion

@: no status effects
A: no striking features
a: Request Jelly, Renounce Religion


You were on level 3 of the Dungeon.
You worshipped Jiyva.
Jiyva was aware of your devotion.
You were not hungry.

You visited 1 branch of the dungeon, and saw 3 of its levels.

You collected 82 gold pieces.

Inventory:

Hand Weapons
 a - a +0 rapier (weapon)
 e - a +2 shortbow
Missiles
 g - 9 arrows
Armour
 c - a +0 leather armour (worn)
 h - a +0 helmet (worn)
 q - a +1 cloak (worn)
Jewellery
 n - a ring of resist corrosion (left hand)
Scrolls
 j - a scroll of remove curse
 l - a scroll of enchant armour {unknown}
 o - a scroll of teleportation {unknown}
 r - a scroll of random uselessness {unknown}
Potions
 d - 2 potions of degeneration {unknown}
 i - a potion of curing {unknown}
 m - a potion of lignification {unknown}
 p - a potion of brilliance {unknown}
Comestibles
 f - 2 bread rations
 k - 3 meat rations


   Skills:
 - Level 2.0 Fighting
 + Level 8.0 Bows
 - Level 2.1 Dodging
 - Level 1.1 Stealth


You had 3 spell levels left.
You didn't know any spells.

Dungeon Overview and Level Annotations

Branches:
Dungeon (3/15)

Altars:
Jiyva

Annotations:
D:1 Terence


Message History

The adder closely misses you.
The jelly barely misses the adder.
You barely miss the adder.
The adder is severely wounded.
The bat closely misses you.
The jelly hits the adder.
The adder is splashed with acid.
The acid corrodes the adder!
The adder dies!
You miss the bat. The bat hits you but does no damage.
You hear a slurping noise.
Jiyva appreciates your sacrifice. The bat barely misses you.
You hit the bat.
The bat is moderately wounded.
The bat hits you but does no damage. The bat barely misses you.
The bat hits the jelly.
The bat is burned by acid!
The bat hits the jelly.
The bat is burned by acid!
The bat dies!
No target in view!
No target in view!
No target in view!
Are you sure you want to abandon this character and quit the game? (Confirm with "yes".)

..#.................#.#.##.####.#
..#........>..........#.##.......
...........#.#.#..#.#...........#
.................................
..##..............##..#.##..#####
.. #.#.............#........#
....##.#...#.##.##..#
.........J......##..#
#......#@..###..##..#
...........# 8..8#..#
...............>...
##..####...#......## ...
#J..##8..8## # #....##..##
#........# #...###### ...!#


You could see 2 neutral jellies (fellow slime).

Vanquished Creatures
  Robin (D:1)
  2 adders
  A worm (D:2)
  5 dart slugs
  2 leopard geckos (D:2)
  2 giant cockroaches
  21 goblins
  9 hobgoblins
  5 kobolds
  5 bats
  4 frilled lizards
  6 rats
63 creatures vanquished.

Vanquished Creatures (others)
  An adder (D:3)
  A bat (D:3)
2 creatures vanquished.

Grand Total: 65 creatures vanquished

Notes
Turn   | Place    | Note
-------+----------+-------------------------------------------
     0 | D:1      | hurricos the High Elf Hunter began the quest for the Orb.
     0 | D:1      | Reached XP level 1. HP: 14/14 MP: 2/2
    72 | D:1      | Reached XP level 2. HP: 19/19 MP: 3/3
    84 | D:1      | Reached skill level 6 in Bows
   641 | D:2      | Reached XP level 3. HP: 24/24 MP: 4/4
   650 | D:2      | Noticed Robin
   807 | D:1      | Killed Robin
   807 | D:1      | Reached skill level 7 in Bows
  1190 | D:2      | Reached XP level 4. HP: 16/29 MP: 5/5
  1191 | D:2      | Noticed Terence
  2070 | D:3      | Reached skill level 8 in Bows
  2136 | D:3      | Found a faded altar of an unknown god.
  2140 | D:3      | Became a worshipper of Jiyva Joachabb the Shapeless
  2140 | D:3      | Reached * piety under Jiyva
  2242 | D:3      | Quit the game

Vault maps used:
D:1:      dpeg_arrival_morbid_curiosity, kennysheep_minor_cross
D:2:      kennysheep_generic_room_10, uniq_terence, uniq_robin
D:3:      ecumenical_altar_1, first_bread, st_stairs_6, uniq_sigmund

Skill      XL: |  1  2  3  4 |
---------------+-------------+-----
Bows           | 6 7 8 |  8.0
Fighting       | |  2.0
Dodging        | |  2.1
Stealth        | |  1.1

Action                   |  1- 3 |  4- 6 || total
-------------------------+-------+-------++-------
Melee: Short sword       |    82 |    71 ||   153
       Unarmed           |     1 |       ||     1
       Rapier            |       |    11 ||    11
 Fire: Shortbow          |    58 |     5 ||    63
  Use: Scroll            |       |     3 ||     3
  Eat: Bread ration      |       |     1 ||     1
       Chunk             |       |     1 ||     1
Armor: Leather armour    |    25 |    38 ||    63
Dodge: Dodged            |    71 |    60 ||   131
